 Dungeon Crawl Stone Soup version 0.23.0 (webtiles) character file.

Game seed: 2537719306109997642

10873 inmateoo the Cleaver (level 11, -3/99 HPs)
             Began as a Minotaur Fighter on Feb 12, 2019.
             Was a High Priest of Okawaru.
             Slain by a white ugly thing (18 damage)
             ... on level 11 of the Dungeon.
             The game lasted 00:08:24 (8743 turns).

inmateoo the Cleaver (Minotaur Fighter)             Turns: 8743, Time: 00:08:25

Health: -3/99      AC: 17    Str: 23    XL:     11   Next: 41%
Magic:  14/14      EV: 11    Int:  5    God:    Okawaru [*****.]
Gold:   519        SH:  2    Dex: 11    Spells: 10/10 levels left

rFire    + . .     SeeInvis .   I - +1 battleaxe (elec)
rCold    . . .     Gourm    .   (shield currently unavailable)
rNeg     . . .     Faith    .   F - +3 chain mail {rPois}
rPois    +         Spirit   .   (helmet restricted)
rElec    .         Reflect  +   q - +0 cloak
rCorr    .         Harm     .   (no gloves)
MR       .....                  n - +0 pair of boots
Stlth    ..........             C - +2 amulet of reflection
HPRegen  0.26/turn              G - ring of protection from fire
MPRegen  0.14/turn              (no ring)

@: no status effects
A: retaliatory headbutt, horns 2
a: Heroism, Finesse, Renounce Religion


You were on level 11 of the Dungeon.
You worshipped Okawaru.
Okawaru was extremely pleased with you.
You were not hungry.

You visited 2 branches of the dungeon, and saw 12 of its levels.

You collected 519 gold pieces.

Inventory:

Hand Weapons
 a - a +0 war axe
 u - a +3 flail of venom
 I - a +1 battleaxe of electrocution (weapon)
Armour
 c - a +0 shield
 n - a +0 pair of boots (worn)
 q - a +0 cloak (worn)
 F - a +3 chain mail of poison resistance (worn)
Jewellery
 s - an uncursed ring of fire
 C - a +2 amulet of reflection (around neck)
 G - a ring of protection from fire (left hand)
 M - a +3 amulet of reflection
Wands
 o - a wand of polymorph (15)
 v - a wand of paralysis (1)
 A - a wand of random effects (4)
 J - a wand of flame (36)
 O - a wand of acid (12)
Scrolls
 e - a scroll of magic mapping {unknown}
 h - 11 scrolls of identify {unknown}
 j - 3 scrolls of noise {unknown}
 k - 2 scrolls of fog {unknown}
 l - 9 scrolls of remove curse
 p - 2 scrolls of teleportation {unknown}
 w - 3 scrolls of random uselessness {unknown}
 y - 2 scrolls of blinking {unknown}
 z - 3 scrolls of amnesia {unknown}
 B - a scroll of enchant armour {unknown}
 H - a scroll of acquirement {unknown}
 N - a scroll of immolation {unknown}
Potions
 b - a potion of ambrosia {unknown}
 d - a potion of might
 g - a potion of berserk rage {unknown}
 i - 4 potions of degeneration {unknown}
 m - 2 potions of haste {unknown}
 r - a potion of lignification {unknown}
 t - a potion of brilliance {unknown}
 x - 3 potions of flight {unknown}
 D - a potion of mutation {unknown}
 E - 2 potions of curing {unknown}
 K - a potion of heal wounds {unknown}
 L - a potion of invisibility {unknown}
Comestibles
 f - 27 rations


   Skills:
 + Level 9.8 Fighting
 * Level 12.5 Axes
 - Level 9.0 Armour
 - Level 6.0 Dodging
 - Level 9.0 Shields
 + Level 5.9 Invocations


You had 10 spell levels left.
You didn't know any spells.
Your spell library contained the following spells:

 Spells                   Type           Power        Failure   Level  Hunger
 Magic Dart               Conj           #...         97%         1    ##.....
 Searing Ray              Conj           #.....       99%         2    ###....
 Swiftness                Chrm/Air       #.......     99%         2    ###....
 Dazzling Spray           Conj/Hex       #.....       100%        3    ####...
 Force Lance              Conj/Tloc      #.......     100%        4    #####..
 Fulminant Prism          Conj/Hex       #.........   100%        4    #####..
 Iskenderun's Mystic Bla  Conj           #.......     100%        4    #####..
 Blade Hands              Tmut           #.........   100%        5    ######.
 Irradiate                Conj/Tmut      #.........   100%        5    ######.
 Freezing Cloud           Conj/Ice/Air   #.........   100%        6    #######


Dungeon Overview and Level Annotations

Branches:
Dungeon (11/15)            Temple (1/1) D:4            Lair (0/6) D:9
    Orc: D:9-12

Altars:
Cheibriados
Elyvilon
Hepliaklqana
Kikubaaqudgha
Okawaru
Qazlal
Ru
Sif Muna
Trog
Xom
Yredelemnul
The Shining One

Shops:
D:7 }


Innate Abilities, Weirdness & Mutations

You reflexively headbutt those who attack you in melee.
You have a pair of horns on your head.


Message History

You headbutt the white ugly thing!
The white ugly thing is lightly wounded.
The white ugly thing trunk-slaps you! The white ugly thing freezes you!!
You hit the white ugly thing.
The white ugly thing is moderately wounded.
The white ugly thing trunk-slaps you! The white ugly thing freezes you!!
* * * LOW HITPOINT WARNING * * *
Unknown command.
You slice the white ugly thing!!
Lightning courses through the white ugly thing!
The white ugly thing is severely wounded.
The white ugly thing barely misses you.
You are too injured to fight recklessly!
Unknown command.
Your chain mail prevents you from hitting the white ugly thing.
The white ugly thing is severely wounded.
The white ugly thing trunk-slaps you!
* * * LOW HITPOINT WARNING * * *
The white ugly thing freezes you!!
You die...

##.. ........#
##.###########.###
##......(........#
##..##########.#.#
.#..# #.#.# #...#
#.#.# .#.......
#.#.# ##..####.
#.#.# ##..# #.#@#
##..# #..u.# ##..#
#.....# ##..##
......... .[.....
........###
###.### #####.....
###.# ...<.##
....# ####.# #####
#.#


You could see a white ugly thing.

Vanquished Creatures
  Erolcha (D:9)
  Harold (D:10)
  3 two-headed ogres (D:9)
  An unseen horror (D:7)
  Psyche (D:9)
  A queen bee (D:10)
  Grinder (D:4)
  A hippogriff (D:11)
  Sigmund (D:4)
  A wraith (D:11)
  Eustachio (D:4)
  A water moccasin (D:10)
  6 sky beasts
  A hornet zombie (D:7)
  3 ice beasts
  2 orc warriors
  4 phantoms
  2 black bears
  An eye of draining (D:8)
  4 ogres
  A tengu (D:4)
  A centaur (D:6)
  A necrophage (D:8)
  2 big kobolds
  8 bullfrogs
  4 scorpions
  19 killer bees (D:10)
  3 wights (D:7)
  2 howler monkeys
  2 crimson imps
  A quasit (D:9)
  A centaur skeleton (D:6)
  8 orc priests
  A hound (D:9)
  A bullfrog skeleton (D:9)
  4 jellies
  12 orc wizards
  Crazy Yiuf (D:3)
  Ijyb (D:3)
  3 iguanas
  6 worker ants
  A hound zombie (D:6)
  A howler monkey zombie (D:7)
  Robin (D:3)
  2 gnolls (D:1)
  A worker ant zombie (D:10)
  A howler monkey skeleton (D:9)
  12 adders
  3 shadow imps
  2 oozes (D:1)
  2 adder zombies
  An adder skeleton (D:6)
  4 worms
  A dart slug (D:1)
  4 leopard geckos
  33 orcs
  3 giant cockroaches
  15 goblins
  10 hobgoblins
  2 jackals (D:8)
  10 kobolds
  5 quokkas
  2 ball pythons
  8 bats
  2 frilled lizards
  3 rats
248 creatures vanquished.

Notes
Turn   | Place    | Note
-------+----------+-------------------------------------------
     0 | D:1      | inmateoo the Minotaur Fighter began the quest for the Orb.
     0 | D:1      | Reached XP level 1. HP: 19/19 MP: 0/0
   127 | D:1      | Reached skill level 3 in Axes
   127 | D:1      | Reached XP level 2. HP: 21/27 MP: 1/1
   344 | D:1      | Reached XP level 3. HP: 33/33 MP: 2/2
   935 | D:2      | Reached XP level 4. HP: 39/40 MP: 3/3
  1445 | D:3      | Found a white marble altar of Elyvilon.
  1458 | D:3      | Noticed Ijyb
  1470 | D:3      | Killed Ijyb
  1470 | D:3      | Reached skill level 4 in Axes
  1640 | D:3      | Reached XP level 5. HP: 47/47 MP: 4/4
  1663 | D:3      | Found a runed translucent door.
  1664 | D:3      | Noticed Crazy Yiuf
  1674 | D:3      | Killed Crazy Yiuf
  1738 | D:3      | Reached skill level 5 in Axes
  1753 | D:3      | Noticed Robin
  1786 | D:3      | Killed Robin
  2030 | D:3      | Reached XP level 6. HP: 53/55 MP: 5/5
  2236 | D:4      | Noticed Eustachio
  2244 | D:4      | Killed Eustachio
  2244 | D:4      | Reached skill level 5 in Fighting
  2244 | D:4      | Reached skill level 5 in Armour
  2244 | D:4      | Reached skill level 5 in Shields
  2335 | D:4      | Noticed Sigmund
  2346 | D:4      | Killed Sigmund
  2346 | D:4      | Reached skill level 6 in Axes
  2346 | D:4      | Reached XP level 7. HP: 59/61 MP: 6/6
  2461 | D:4      | Noticed Edmund
  2484 | D:4      | Noticed Edmund
  2484 | D:4      | Edmund changed into Edmund the tengu
  2493 | D:4      | Killed Edmund the tengu
  2632 | D:4      | Found a staircase to the Ecumenical Temple.
  2645 | D:4      | Noticed Grinder
  2649 | D:4      | Paralysed by Grinder for 3 turns
  2660 | D:4      | Killed Grinder
  2660 | D:4      | Reached skill level 7 in Axes
  2674 | Temple   | Entered the Ecumenical Temple
  2694 | Temple   | Became a worshipper of Warmaster Okawaru
  3297 | D:5      | Entered Level 5 of the Dungeon
  3458 | D:5      | Reached XP level 8. HP: 64/70 MP: 7/7
  3659 | D:6      | Reached skill level 8 in Axes
  4075 | D:6      | Reached * piety under Okawaru
  4081 | D:6      | Reached skill level 1 in Dodging
  4081 | D:6      | Reached skill level 1 in Invocations
  4117 | D:6      | Identified the Papyrus of Feathers and Moulding
  4586 | D:7      | Reached skill level 9 in Axes
  4586 | D:7      | Reached XP level 9. HP: 76/79 MP: 9/9
  4663 | D:7      | Reached ** piety under Okawaru
  4774 | D:7      | Killed an unseen horror
  5032 | D:7      | Found Afuahin's Gadget Emporium.
  5057 | D:7      | Reached *** piety under Okawaru
  5219 | D:7      | Reached skill level 10 in Axes
  5277 | D:7      | Found a snail-covered altar of Cheibriados.
  6037 | D:8      | Reached XP level 10. HP: 88/88 MP: 11/11
  6236 | D:8      | Reached **** piety under Okawaru
  6590 | D:9      | Noticed Psyche
  6603 | D:9      | Killed Psyche
  6657 | D:9      | Noticed Erolcha
  6660 | D:9      | Noticed a two-headed ogre
  6661 | D:9      | Noticed a two-headed ogre
  6676 | D:9      | Killed a two-headed ogre
  6676 | D:9      | Reached skill level 11 in Axes
  6683 | D:9      | Killed a two-headed ogre
  6683 | D:9      | Reached ***** piety under Okawaru
  6683 | D:9      | Reached skill level 5 in Dodging
  6696 | D:9      | Killed Erolcha
  6696 | D:9      | Received a gift from Okawaru
  6921 | D:9      | Found a staircase to the Lair.
  7054 | D:9      | Noticed a two-headed ogre
  7065 | D:9      | Killed a two-headed ogre
  7065 | D:9      | Reached skill level 5 in Invocations
  7065 | D:9      | Reached XP level 11. HP: 73/97 MP: 13/13
  7427 | D:10     | Entered Level 10 of the Dungeon
  7494 | D:10     | Noticed Harold
  7509 | D:10     | Killed Harold
  7524 | D:10     | Found a deep blue altar of Sif Muna.
  7633 | D:10     | Reached skill level 12 in Axes
  8489 | D:11     | Received a gift from Okawaru
  8736 | D:11     | Noticed a white ugly thing
  8743 | D:11     | Slain by a white ugly thing

Skill      XL: |  1  2  3  4  5  6  7  8  9 10 11 |
---------------+----------------------------------+-----
Axes           | 3 4 5 6 7 9 10 11 12 | 12.5
Fighting       | 4 5 6 7 8 9 |  9.8
Armour         | 4 5 6 7 8 9 |  9.0
Shields        | 4 5 6 7 8 9 |  9.0
Dodging        | 2 4 5 6 |  6.0
Invocations    | 1 3 5 |  5.9

Action                   |  1- 3 |  4- 6 |  7- 9 | 10-12 || total
-------------------------+-------+-------+-------+-------++-------
Melee: War axe           |    74 |   170 |    26 |       ||   270
       Headbutt          |     6 |    28 |    65 |    47 ||   146
       Flail             |       |       |   270 |   120 ||   390
       Battleaxe         |       |       |       |   128 ||   128
Evoke: Wand              |       |       |     1 |     3 ||     4
  Use: Scroll            |       |       |     1 |       ||     1
 Stab: Paralysed         |       |       |       |     4 ||     4
  Eat: Chunk             |       |     5 |     8 |     4 ||    17
       Ration            |       |       |     1 |     2 ||     3
Armor: Scale mail        |    38 |     4 |       |       ||    42
       Plate armour      |       |   103 |   173 |       ||   276
       Chain mail        |       |       |     8 |   155 ||   163
Dodge: Dodged            |    22 |    37 |    53 |   135 ||   247
Block: Shield            |    37 |    97 |   152 |    69 ||   355
       Other             |       |       |       |     9 ||     9
